 Dungeon Crawl Stone Soup version 0.29-a0-82-g837932c90e (webtiles) character file.

Game seed: 10427340087359082207

962 lordive the Magician (level 8, -3/56 HPs)
             Began as a Djinni Conjurer on Feb 4, 2022.
             Was an Initiate of Ashenzari.
             Slain by Duvessa (4 damage)
             ... on level 5 of the Dungeon.
             The game lasted 00:11:05 (5899 turns).

lordive the Magician (Djinni Conjurer)              Turns: 5899, Time: 00:11:06

Health: -3/56      AC:  2    Str:  6    XL:     8   Next: 37%
Gold:   190        EV: 13    Int: 21    God:    Ashenzari [......] SH:  4 Dex: 13

rFire   + + +      SeeInvis .   (no weapon)
rCold   x . .      Faith    .   g - +0 buckler of the Visionary Augurer {Fort, Self} (curse)
rNeg    . . .      Spirit   .   a - +0 robe
rPois   ∞          Reflect  .   (no helmet)
rElec   .          Harm     .   (no cloak)
rCorr   .          Rampage  .   (no gloves)
Will    .....                   (boots unavailable)
Stlth   ++........              (no amulet)
HPRegen 0.18/turn               c - ring of protection from fire
MPRegen 0.00/turn               (no ring)

@: flying
A: sickness immunity, fire resistance 2, cold vulnerability 1, float, innate
caster, HP casting, extra vitality 1
a: Renounce Religion, Curse Item, Shatter the Chains


You were on level 5 of the Dungeon.
You worshipped Ashenzari.
Ashenzari was noncommittal.
You visited 2 branches of the dungeon, and saw 6 of its levels.
You also visited: Ossuary.

You collected 190 gold pieces.

Inventory:

Missiles
 n - 2 throwing nets
Armour
 a - a +0 robe (worn)
 g - the cursed +0 buckler of the Visionary Augurer (worn) {Fort, Self}
   (You found it on level 1 of the Dungeon)

   It has a curse which improves the following skills: Fortitude: Armour and
   Shields.
   Introspection: Fighting and Spellcasting.
 o - a +0 leather armour
 u - a +0 chain mail
Jewellery
 c - a ring of protection from fire (left hand)
Wands
 l - a wand of mindburst (7)
Scrolls
 b - 3 scrolls of magic mapping {unknown}
 f - 6 scrolls of teleportation {unknown}
 m - 8 scrolls of identify {unknown}
 p - 2 scrolls of summoning {unknown}
 s - a scroll of enchant weapon {unknown}
 t - a scroll of fog {unknown}
Potions
 d - 3 potions of mutation {unknown}
 e - 2 potions of might {unknown}
 h - 2 potions of brilliance {unknown}
 i - 4 potions of haste {unknown}
 j - 3 potions of curing {unknown}
 k - 3 potions of magic {unknown}
 q - a potion of cancellation {unknown}
 r - a potion of attraction {unknown}


   Skills:
 * Level 2.8(3.2) Fighting
 * Level 2.8(3.2) Armour
 * Level 4.0 Dodging
 - Level 1.5 Stealth
 * Level 2.8(3.2) Shields
 + Level 6.0(6.4) Spellcasting


You couldn't memorise any spells.
You knew the following spells:

 Your Spells              Type           Power      Damage    Failure   Level
a - Magic Dart            Conj           100%       1d8       1%          1
b - Searing Ray           Conj           68%        2d6       1%          2
c - Dazzling Flash        Conj/Hex       68%        N/A       2%          3
d - Fulminant Prism       Conj/Hex       17%        3d11      9%          4
e - Iskenderun's Mystic   Conj/Tloc      34%        2d8       9%          4
f - Slow                  Hex            100%       N/A       1%          1
g - Poisonous Vapours     Pois/Air       68%        N/A       1%          2
h - Inner Flame           Hex/Fire       34%        N/A       2%          3
Your spell library was empty.

Dungeon Overview and Level Annotations

Branches:
Dungeon (5/15)             Temple (1/1) D:4         Ossuary (visited)

Altars:
Ashenzari
Cheibriados
Dithmenos
Elyvilon
Fedhas
Gozag
Hepliaklqana
Kikubaaqudgha
Makhleb
Nemelex Xobeh
Okawaru
Ru
Sif Muna
Trog
Uskayaw
Vehumet
Yredelemnul
The Shining One

Portals:
Abyss: D:4

Annotations:
D:4 2 transporters, hgbash's ghost, novice GrEE
D:5 Dowan; Duvessa


Innate Abilities, Weirdness & Mutations

You are immune to sickness and miasma.
You are immune to poison.
Your flesh is very heat resistant. (rF++)
You are vulnerable to cold. (rC-)
You float through the air rather than walking.
You learn spells naturally, not from books.
Your magical power is your life essence.
You have superior vitality. (+4 MHP)


Message History

Dowan casts a spell at Duvessa.
Duvessa seems to speed up.
Casting: Searing Ray (safe; 1% risk of failure)
Confirm with . or Enter, or press ? or * to list all spells.
Aiming: Searing Ray (safe; 1% risk of failure)
Press: ? - help, Shift-Dir - straight line, f/p - Duvessa
Aim: Duvessa, wielding a +0 short sword and wearing a +4 ring mail of cold resistance (lightly wounded, fast, 86% to hit)
The searing ray hits Duvessa but does no damage.
Duvessa is lightly wounded. (Press . to maintain the ray.)
The searing ray hits Duvessa!
Duvessa is moderately wounded.
Duvessa hits you with a +0 short sword. Duvessa barely misses you.
Dowan mumbles some strange words.
Dowan blinks!
The searing ray hits Duvessa.
Duvessa is heavily wounded.
Duvessa hits you with a +0 short sword!
The searing ray hits Duvessa but does no damage.
Duvessa is heavily wounded.
You finish channelling your searing ray.
Duvessa gestures with her weapon.
Duvessa hits you with a +0 short sword.
* * * LOW HITPOINT WARNING * * *
Duvessa hits you with a +0 short sword!
* * * LOW HITPOINT WARNING * * *
Unknown command.
Unknown command.
Unknown command.
Casting: Searing Ray (safe; 1% risk of failure)
Confirm with . or Enter, or press ? or * to list all spells.
Aiming: Searing Ray (safe; 1% risk of failure)
Press: ? - help, Shift-Dir - straight line, f/p - Duvessa
Aim: Duvessa, wielding a +0 short sword and wearing a +4 ring mail of cold resistance (heavily wounded, fast, 86% to hit)
The searing ray hits Duvessa but does no damage.
Duvessa is heavily wounded. (Press . to maintain the ray.)
* * * LOW HITPOINT WARNING * * *
Duvessa hits you with a +0 short sword.
You die...

.............#
#.#
.............#
#.#
.............#
#.#
.........#####
#.# ###.##...#
#.# # ##.##
####^##### #.#
#........# #e#
#.##.###.# #@#
#.##.# #.# #.#
#.##.###.# #.#
#.##.....##
..#
#..........
###
###########


You could see Duvessa (fast).

Vanquished Creatures
  Grinder (D:4)
  A black bear (D:5)
  2 scorpions
  A howler monkey (D:5)
  A bullfrog zombie (D:5)
  A bullfrog skeleton (D:5)
  A centaur skeleton (D:5)
  A scorpion zombie (D:5)
  2 iguanas (D:5)
  13 mummies (Ossuary)
  7 gnolls (D:2)
  5 adders
  An adder skeleton (D:4)
  2 worms
  2 dart slugs
  3 orcs
  3 endoplasms
  5 giant cockroaches
  4 goblins
  7 hobgoblins
  4 jackals (D:1)
  2 quokkas
  7 ball pythons
  4 bats
  5 frilled lizards
  5 gnoll skeletons (Ossuary)
  A goblin skeleton (Ossuary)
  4 kobolds
  A kobold skeleton (Ossuary)
  An orc skeleton (Ossuary)
  3 rats
  11 rat skeletons (Ossuary)
111 creatures vanquished.

Vanquished Creatures (others)
  2 plants (D:4)
2 creatures vanquished.

Grand Total: 113 creatures vanquished

Notes
Turn   | Place    | Note
-------+----------+-------------------------------------------
     0 | D:1      | lordive the Djinni Conjurer began the quest for the Orb.
     0 | D:1      | Reached XP level 1. HP: 15/15 MP: 0/0
   198 | D:1      | Reached XP level 2. HP: 19/21 MP: 0/0
   574 | D:1      | Reached XP level 3. HP: 22/25 MP: 0/0
   574 | D:1      | Learned a level 1 spell: Slow
   888 | D:1      | Found a faded altar of an unknown god.
  1123 | D:2      | Reached skill level 4 in Spellcasting
  1123 | D:2      | Reached XP level 4. HP: 25/31 MP: 0/0
  1402 | D:2      | Reached XP level 5. HP: 15/36 MP: 0/0
  1402 | D:2      | Learned a level 2 spell: Poisonous Vapours
  1599 | D:2      | Reached skill level 1 in Fighting
  1599 | D:2      | Reached skill level 1 in Armour
  1599 | D:2      | Reached skill level 1 in Shields
  2503 | D:4      | Reached XP level 6. HP: 19/42 MP: 0/0
  2928 | D:4      | Found a transporter.
  2929 | D:4      | Found a staircase to the Ecumenical Temple.
  2948 | Temple   | Entered the Ecumenical Temple
  3085 | Temple   | Became a worshipper of Ashenzari the Shackled
  3130 | D:4      | Found a transporter.
  3182 | D:4      | Found a one-way gate to the infinite horrors of the Abyss.
  3182 | D:4      | Noticed hgbash's ghost (novice GrEE)
  3219 | D:4      | Noticed Grinder
  3229 | D:4      | Killed Grinder
  3230 | D:4      | Reached skill level 5 in Spellcasting
  3230 | D:4      | Reached XP level 7. HP: 21/49 MP: 0/0
  3230 | D:4      | Learned a level 3 spell: Inner Flame
  3575 | D:5      | Entered Level 5 of the Dungeon
  3578 | D:5      | Found a sand-covered staircase.
  3589 | Ossuary  | Entered an ossuary
  5249 | D:5      | Reached XP level 8. HP: 32/55 MP: 0/0
  5882 | D:5      | Noticed Duvessa
  5884 | D:5      | Reached skill level 6 in Spellcasting
  5886 | D:5      | Noticed Dowan
  5899 | D:5      | Slain by Duvessa

Illustrated notes

Levels and vault maps discovered:
D:1:      amcnicky_arrival_double_pillar, layout_rooms,
          hellmonk_ecumenical_altar_lost_god, nicolae_figureground_pulse
D:2:      layout_basic
D:3:      layout_rooms
D:4:      layout_basic, minmay_temple_entry_overgrown,
          gammafunk_ghost_abyssal_escape, uniq_grinder
D:5:      layout_basic, enter_ossuary_1, uniq_duvessa
Temple:   mainiacjoe_temple_coin_purse

Skill      XL: |  1  2  3  4  5  6  7  8 |
---------------+-------------------------+-----
Spellcasting   | 4 5 6 |  6.0
Fighting       | 1 2 |  2.8
Armour         | 1 2 |  2.8
Shields        | 1 2 |  2.8
Dodging        | 3 4 |  4.0
Stealth        | |  1.5

Action                   |  1- 3 |  4- 6 |  7- 9 || total
-------------------------+-------+-------+-------++-------
 Cast: Magic Dart        |    47 |    62 |    32 ||   141
       Searing Ray       |     1 |     9 |    43 ||    53
Invok: Curse Item        |       |       |     1 ||     1
Armor: Robe              |     1 |     3 |     6 ||    10
Dodge: Dodged            |     1 |    14 |    20 ||    35
Block: Buckler           |       |       |     2 ||     2

Table legend: (Time is in decaauts)
 A = Elapsed time spent in this place.
 B = Non-inter-level travel time spent in this place.
 C = Inter-level travel time spent in this place.
 D = Time resting spent in this place.
 E = Time spent auto-exploring this place.
 F = Levels seen in this place.
 G = Mean time per level.
                   A        B        C        D        E       F      G
               +--------+--------+--------+--------+--------+-----+--------+
         Total |   5898 |   5739 |    159 |      0 |   5121 |   7 |  842.6 |
       Dungeon |   4490 |   4352 |    138 |      0 |   3910 |   5 |  898.0 |
        Temple |    150 |    130 |     20 |      0 |    105 |   1 |  150.0 |
       Ossuary |   1256 |   1256 |      0 |      0 |   1106 |   1 | 1256.0 |
               +--------+--------+--------+--------+--------+-----+--------+

Top non-repeatable levels by time:
 Ossuary: 1256 daAuts
     D:4: 1095 daAuts
     D:5: 1067 daAuts
     D:1: 948 daAuts
     D:2: 833 daAuts
     D:3: 545 daAuts
  Temple: 150 daAuts
